 Dungeon Crawl Stone Soup version 0.28.0 (webtiles) character file.

Game seed: 11142906274150960015

387 Ajdolov the Digger (level 6, -6/36 HPs)
             Began as an Octopode Earth Elementalist on Feb 12, 2022.
             Was a Follower of Vehumet.
             Mangled by a kobold brigand (9 damage)
             ... on level 4 of the Dungeon.
             The game lasted 00:05:57 (3966 turns).

Ajdolov the Digger (Octopode Earth Elementalist)    Turns: 3966, Time: 00:05:58

Health: -6/36      AC:  1    Str:  7    XL:     6   Next: 78%
Magic:  3/9        EV: 13    Int: 19    God:    Vehumet [*.....]
Gold:   101        SH:  0    Dex: 19    Spells: 5/9 levels left

rFire   . . .      SeeInvis .   a - +3 dagger
rCold   . . .      Faith    .   (no shield)
rNeg    . . .      Spirit   .   (helmet restricted)
rPois   .          Reflect  .   (no amulet)
rElec   .          Harm     .   l - +6 ring of dexterity
rCorr   .          Rampage  .   g - ring of wizardry
Will    .....                   (no ring)
Stlth   +++.......              (no ring)
HPRegen 0.12/turn               (no ring)
MPRegen 0.11/turn               (no ring)
                                (no ring)
                                (no ring)

@: lethally poisoned (-6 -> -9), slowed, very slow
A: almost no armour, amphibious, 8 rings, camouflage 1, gelatinous body 1,
(nimble swimmer 1), tentacles
a: Renounce Religion


You were on level 4 of the Dungeon.
You worshipped Vehumet.
Vehumet was aware of your devotion.
You visited 1 branch of the dungeon, and saw 4 of its levels.

You collected 101 gold pieces.

Inventory:

Hand Weapons
 a - a +3 dagger (weapon)
Missiles
 b - 206 stones
Magical Staves
 j - a staff of poison
Jewellery
 g - a ring of wizardry (right tentacle)
 l - a +6 ring of dexterity (left tentacle)
Wands
 p - a wand of iceblast (7)
Scrolls
 c - a scroll of acquirement {unknown}
 d - a scroll of blinking {unknown}
 e - 4 scrolls of amnesia {unknown}
 m - a scroll of magic mapping {unknown}
Potions
 f - a potion of haste {unknown}
 h - a potion of heal wounds {unknown}
 i - 2 potions of curing {unknown}
 k - a potion of flight {unknown}
 n - a potion of might {unknown}
 o - a potion of brilliance {unknown}


   Skills:
 - Level 2.0 Dodging
 - Level 2.6 Stealth
 - Level 2.0 Spellcasting
 * Level 4.1 Conjurations
 - Level 1.0 Transmutations
 * Level 6.0 Earth Magic


You had 5 spell levels left.
You knew the following spells:

 Your Spells              Type           Power      Damage    Failure   Level
a - Sandblast             Erth           48%        2d12      1%          1
b - Stone Arrow           Conj/Erth      42%        3d9       2%          3

Your spell library contained the following spells:

 Spells                   Type           Power      Damage    Failure   Level
 Foxfire                  Conj/Fire      36%        2x1d5     3%          1
 Passwall                 Tmut/Erth      12%        N/A       2%          2
 Apportation              Tloc           2%         N/A       7%          1
 Petrify                  Tmut/Erth      15%        N/A       16%         4
 Alistair's Intoxication  Tmut/Pois      2%         N/A       80%         5


Dungeon Overview and Level Annotations

Branches:
Dungeon (4/15)
 Temple: D:4-7

Altars:
Fedhas
Vehumet

Shops:
D:1 =


Innate Abilities, Weirdness & Mutations

You cannot wear most types of armour.
You are amphibious.
You can wear up to eight rings at the same time.
Your skin changes colour to match your surroundings (Stealth+).
Your rubbery body absorbs attacks. (AC +1, EV +1)
((You are camouflaged when in or above water. (Stealth+)))
You have tentacles for arms and can constrict up to eight enemies at once.


Message History

The kobold shouts!
You closely miss the kobold.
The kobold brigand shouts!
You grab the kobold. You squeeze the kobold.
You kill the kobold!
Vehumet accepts your kill.
You hear a shout!
The kobold hits you with a +0 club.
A kobold comes into view. It is wielding a +0 long sword.
The kobold brigand throws a curare-tipped dart.
The curare-tipped dart hits you.
You are poisoned.
You have difficulty breathing.
You feel yourself slow down.
You feel very sick.
The kobold brigand throws a curare-tipped dart.
The curare-tipped dart barely misses you.
You feel very sick.
You feel very sick.
Casting: Stone Arrow (dangerous; 2% risk of failure)
Confirm with . or Enter, or press ? or * to list all spells.
Aiming: Stone Arrow (dangerous; 2% risk of failure)
Press: ? - help, Shift-Dir - straight line, f - kobold brigand
Aim: a kobold brigand, wielding a +2 dagger of speed and quivering curare-tipped darts (64% to hit)
The stone arrow hits the kobold brigand!
The kobold brigand is heavily wounded.
You feel sick.
You hear a shout! x3
Casting: Stone Arrow (dangerous; 2% risk of failure)
Confirm with . or Enter, or press ? or * to list all spells.
Aiming: Stone Arrow (dangerous; 2% risk of failure)
Press: ? - help, Shift-Dir - straight line, f/p - kobold brigand
Aim: a kobold brigand, wielding a +2 dagger of speed and quivering curare-tipped darts (heavily wounded, 64% to hit)
The stone arrow hits the kobold brigand!
The kobold brigand is almost dead.
You feel sick.
The kobold brigand hits you with a +2 dagger of speed.
* * * LOW HITPOINT WARNING * * *
The kobold brigand closely misses you.
The kobold brigand hits you with a +2 dagger of speed!
You die...

..# ..## ##### ...#
##.).# ...# #K...#
...# ##K#K.# #..#
#..#K.# #..# #.##..#
...###############.#
.##
#...............@KK#
.#
#..#################
.# ....## K# ..#..#
..##.## ...#..#
#.....#### ###
##..†....# #####≈#
###..##.## #....≈#


You could see a kobold brigand and a kobold.

Vanquished Creatures
  Eustachio (D:4)
  An orc priest (D:3)
  2 bullfrog skeletons (D:4)
  2 iguanas
  3 adders
  2 worms
  A dart slug (D:4)
  6 orcs
  5 endoplasms
  7 giant cockroaches
  4 goblins
  3 hobgoblins
  6 jackals
  3 quokkas
  7 ball pythons
  4 bats (D:1)
  4 frilled lizards (D:1)
  6 kobolds
  3 rats
70 creatures vanquished.

Vanquished Creatures (others)
  A shadow imp (D:3)
  An endoplasm (D:3)
2 creatures vanquished.

Grand Total: 72 creatures vanquished

Notes
Turn   | Place    | Note
-------+----------+-------------------------------------------
     0 | D:1      | Ajdolov the Octopode Earth Elementalist began the quest for
                  | the Orb.
     0 | D:1      | Reached XP level 1. HP: 11/11 MP: 3/3
   189 | D:1      | Found Syxzicw's Jewellery Shoppe.
   243 | D:1      | Reached XP level 2. HP: 11/17 MP: 5/5
   811 | D:1      | Found a faded altar of an unknown god.
   811 | D:1      | Noticed a hellwing
  1034 | D:1      | Reached skill level 4 in Earth Magic
  1221 | D:2      | Reached XP level 3. HP: 21/21 MP: 6/6
  1225 | D:2      | Learned a level 3 spell: Stone Arrow
  1973 | D:2      | Reached skill level 1 in Conjurations
  2317 | D:3      | Reached XP level 4. HP: 7/27 MP: 4/7
  2707 | D:3      | Found a radiant altar of Vehumet.
  2712 | D:3      | Became a worshipper of Vehumet
  3109 | D:4      | Reached skill level 5 in Earth Magic
  3109 | D:4      | Reached XP level 5. HP: 20/31 MP: 8/8
  3268 | D:4      | Found a blossoming altar of Fedhas.
  3283 | D:4      | Noticed Eustachio
  3614 | D:4      | Killed Eustachio
  3615 | D:4      | Reached XP level 6. HP: 32/36 MP: 2/9
  3705 | D:4      | Reached * piety under Vehumet
  3705 | D:4      | Offered knowledge of Foxfire by Vehumet.
  3859 | D:4      | Reached skill level 6 in Earth Magic
  3966 | D:4      | Mangled by a kobold brigand

Illustrated notes

Levels and vault maps discovered:
D:1:      amcnicky_arrival_wind_blow, layout_rooms, serial_shops,
          nicolae_shop_hallway_stairs, dreamdust_ecumenical_altar_sealed_demon,
          chequers_serial_rivers_micro_a, chequers_serial_rivers_small_a,
          grunt_decor_mini_mirrors, hangedman_decor_growths
D:2:      layout_basic, minivault_27, minivault_11
D:3:      layout_rooms, fiery_altar_vehumet, gup_sewer_entry_spiral,
          nicolae_underground_beach
D:4:      cheibrodos_thug_alley, layout_rooms, mainiacjoe_overflow_brackets,
          minmay_ruptured, uniq_eustachio

Skill      XL: |  1  2  3  4  5  6 |
---------------+-------------------+-----
Earth Magic    | 4 5 6 |  6.0
Conjurations   | 1 2 3 4 |  4.1
Dodging        | |  2.0
Stealth        | |  2.6
Spellcasting   | |  2.0
Transmutations | |  1.0

Action                   |  1- 3 |  4- 6 || total
-------------------------+-------+-------++-------
Melee: Dagger            |    72 |    51 ||   123
       Constrict         |    14 |    12 ||    26
       Tentacles         |    13 |    13 ||    26
       Unarmed           |     1 |       ||     1
       Punch             |     2 |     1 ||     3
 Cast: Sandblast         |     4 |    14 ||    18
       Stone Arrow       |       |    13 ||    13
 Stab: Sleeping          |     8 |     9 ||    17
Armor: Skin              |     9 |     3 ||    12
Dodge: Dodged            |    68 |    35 ||   103
